 Seeded DCSS version 0.29.1-13-g9f3cf754e1 (webtiles) character file.

Game seed: 6775323333420420401 (custom seed)

71883 retardedninja the Fencer (level 14, -8/133 HPs)
             Began as a Minotaur Fighter on Jan 20, 2023.
             Was an Initiate of Gozag.
             Mangled by an anaconda simulacrum (23 damage)
             ... in an ice cave.
             The game lasted 00:35:03 (23138 turns).

retardedninja the Fencer (Minotaur Fighter)        Turns: 23138, Time: 00:35:04

Health: -8/133     AC: 31    Str: 31    XL:     14   Next: 99%
Magic:  0/13       EV:  5    Int:  5    God:    Gozag
Gold:   4648       SH:  8    Dex: 18    Spells: 13/13 levels left

rFire   . . .      SeeInvis .   d - +10 demon blade of Dukuer {venom, *Rage rPois rN+++ Str+4}
rCold   . . .      Faith    .   c - +0 buckler
rNeg    + + +      Spirit   +   N - +0 plate armour
rPois   +          Reflect  .   u - +2 hat
rElec   +          Harm     .   e - +2 cloak {rCorr}
rCorr   +          Rampage  .   n - +2 pair of gloves {infuse}
Will    +....      Rage     20% J - +0 pair of boots "Jeiliore" {rElec}
Stlth   ..........              I - amulet of guardian spirit
HPRegen 0.32/turn               i - ring "Olearil" {AC+4 Str+3}
MPRegen 0.13/turn               t - +6 ring of dexterity

@: gold aura, on berserk cooldown, hasted and slowed, constricted
A: horns 2, retaliatory headbutt
a: Renounce Religion, Potion Petition, Call Merchant, Bribe Branch


You were in an ice cave.
You worshipped Gozag.
Gozag was most pleased with you.
You visited 3 branches of the dungeon, and saw 18 of its levels.
You also visited: Bailey, Gauntlet and Ice Cave.

You collected 5691 gold pieces.
You spent 907 gold pieces at shops.
You paid 136 gold pieces to Gozag.

Inventory:

Hand Weapons
 d - the +10 demon blade of Dukuer (weapon) {venom, *Rage rPois rN+++ Str+4}
   (You acquired it on level 2 of the Dungeon)

   It poisons the flesh of those it strikes.
   Str:       It affects your strength (+4).
   rPois:     It protects you from poison.
   rN:        It renders you almost immune to negative energy.
   *Rage:     It berserks you when you make melee attacks (+20% chance).
 y - the +8 great sword "Worm's Wrath" {vorpal, rPois Dex+4}
   (You found it on level 7 of the Dungeon)

   It inflicts extra damage upon your enemies.
   Dex:       It affects your dexterity (+4).
   rPois:     It protects you from poison.
Missiles
 b - 2 throwing nets (quivered)
Armour
 c - a +0 buckler (worn)
 e - a +2 cloak of preservation (worn)
 n - a +2 pair of gloves of infusion (worn)
 u - a +2 hat (worn)
 J - the +0 pair of boots "Jeiliore" (worn) {rElec}
   (You found it in a bailey)

   rElec:     It insulates you from electricity.
 N - a +0 plate armour (worn)
Jewellery
 i - the ring "Olearil" (left hand) {AC+4 Str+3}
   (You acquired it on level 12 of the Dungeon)

   [ring of protection]

   AC:        It affects your AC (+4).
   Str:       It affects your strength (+3).
 t - a +6 ring of dexterity (right hand)
 I - an amulet of guardian spirit (around neck)
Wands
 m - a wand of polymorph (3)
 r - a wand of charming (30)
 w - a wand of flame (52)
 C - a wand of roots (7)
 K - a wand of digging (4)
 L - a wand of light (9)
Scrolls
 f - a scroll of brand weapon
 h - 13 scrolls of teleportation
 k - 2 scrolls of poison
 l - 3 scrolls of immolation
 o - 4 scrolls of magic mapping
 p - 2 scrolls of blinking
 v - 2 scrolls of butterflies
 M - 4 scrolls of identify
Potions
 a - 5 potions of mutation
 g - a potion of might
 j - 3 potions of brilliance
 q - 2 potions of lignification
 s - a potion of heal wounds
 x - 4 potions of berserk rage
 z - 2 potions of magic
 B - 3 potions of curing
 D - a potion of ambrosia
 E - 3 potions of cancellation
 F - 4 potions of attraction
 H - a potion of flight
Miscellaneous
 G - a tin of tremorstones (2/2)
 Q - a phial of floods


   Skills:
 + Level 14.6 Fighting
 * Level 19.6 Long Blades
 - Level 3.7 Axes
 + Level 14.5 Armour
 + Level 14.5 Shields


You had 13 spell levels left.
You didn't know any spells.
Your spell library contained the following spells:

 Spells                   Type           Power      Damage    Failure   Level
 Magic Dart               Conj           0%         1d3       97%         1
 Sandblast                Erth           0%         2d4       97%         1
 Shock                    Conj/Air       0%         1d3       97%         1
 Call Imp                 Summ           0%         N/A       99%         2
 Ensorcelled Hibernation  Hex/Ice        0%         N/A       99%         2
 Passwall                 Tmut/Erth      0%         N/A       99%         2
 Poisonous Vapours        Pois/Air       0%         N/A       99%         2
 Searing Ray              Conj           0%         2d4       99%         2
 Sublimation of Blood     Necr           0%         N/A       99%         2
 Wereblood                Tmut           0%         N/A       99%         2
 Mephitic Cloud           Conj/Pois/Air  0%         N/A       100%        3
 Stone Arrow              Conj/Erth      0%         3d7       100%        3
 Swiftness                Air            0%         N/A       100%        3
 Airstrike                Air            0%         2d(0-16)  100%        4
 Fulminant Prism          Conj/Hex       0%         3d6       100%        4
 Passage of Golubria      Tloc           0%         N/A       100%        4
 Petrify                  Tmut/Erth      0%         N/A       100%        4
 Summon Lightning Spire   Summ/Air       0%         N/A       100%        4
 Metabolic Englaciation   Hex/Ice        0%         N/A       100%        5
 Silence                  Hex/Air        0%         N/A       100%        5
 Summon Forest            Summ/Tloc      0%         N/A       100%        5
 Conjure Ball Lightning   Conj/Air       0%         3x3d6     100%        6
 Statue Form              Tmut/Erth      0%         N/A       100%        6
 Summon Cactus Giant      Summ           0%         N/A       100%        6
 Storm Form               Tmut/Air       0%         N/A       100%        7
 Summon Hydra             Summ           0%         N/A       100%        7
 Lehudib's Crystal Spear  Conj/Erth      0%         10d2      100%        8
 Maxwell's Capacitive Co  Air            0%         ∞         100%        8
 Chain Lightning          Conj/Air       0%         N/A       100%        9
 Corpse Rot               Necr/Pois/Air  Unusable   N/A       N/A         4

Dungeon Overview and Level Annotations

Branches:
Dungeon (12/15)            Temple (1/1) D:5            Lair (5/5) D:10
 Shoals (0/4) Lair:2       Spider (0/4) Lair:3        Slime (0/5) Lair:5
    Orc (0/2) D:12         Bailey (visited)           IceCv (1/1)
Gauntlet (visited)

Altars:
Ashenzari
Cheibriados
Dithmenos
Elyvilon
Fedhas
Gozag
Hepliaklqana
Kikubaaqudgha
Makhleb
Nemelex Xobeh
Okawaru
Qazlal
Ru
Sif Muna
Trog
Uskayaw
Vehumet
Wu Jian
Xom
Yredelemnul
Zin
The Shining One

Shops:
D:7 ?*   D:11 [

Annotations:
D:4 2 transporters, 0gre's ghost, amateur GnIE
D:8 1 transporter
Lair:1 3 runed translucent doors, Estoelo's ghost, journeyman MiBe


Innate Abilities, Weirdness & Mutations

You have a pair of horns on your head.
You reflexively headbutt those who attack you in melee.


Message History

The naga simulacrum is no longer distracted by gold.
The elephant simulacrum is no longer distracted by gold.
The death yak simulacrum is distracted by your dazzling golden aura.
The anaconda simulacrum bites you but does no damage.
The anaconda simulacrum constricts you. The troll simulacrum barely misses you.
You block the troll simulacrum's attack.
The troll simulacrum claws you. The troll simulacrum freezes you!
* * * LOW HITPOINT WARNING * * *
You closely miss the anaconda simulacrum.
The anaconda simulacrum is almost destroyed.
The anaconda simulacrum is distracted by your dazzling golden aura.
The anaconda simulacrum constricts you.
* * * LOW HITPOINT WARNING * * *
You feel much better. The anaconda simulacrum constricts you.
The troll simulacrum bites you but does no damage.
The troll simulacrum claws you. The troll simulacrum freezes you!
You block the troll simulacrum's attack.
You escape the anaconda simulacrum's grasp.
You see here 7 gold pieces.
You slash the troll simulacrum! You headbutt the troll simulacrum.
The troll simulacrum is almost destroyed.
You slash the troll simulacrum!
The troll simulacrum vaporises!
Really walk into that cloud of freezing vapour?
Okay, then.
You completely miss the anaconda simulacrum.
The anaconda simulacrum is no longer distracted by gold.
Your headbutt misses the anaconda simulacrum.
The anaconda simulacrum is almost destroyed.
The death yak simulacrum is no longer distracted by gold.
You block the anaconda simulacrum's attack.
The anaconda simulacrum bites you!
* * * LOW HITPOINT WARNING * * *
The anaconda simulacrum freezes you!
* * * LOW HITPOINT WARNING * * *
The anaconda simulacrum grabs you. The anaconda simulacrum bites you.
* * * LOW HITPOINT WARNING * * *
The anaconda simulacrum freezes you!!
You die...
Your body crumbles into a pile of gold.

## # #### ##.#.# ##..##
#### ......
##....#####..## #......
#.......##...$##.......
#.∩.∩.......#@ZZ.......
#..........###Z........
##....##..##..Z#.......
##..#######..###......
#### #.. ...... ##.
....# .. ...## .# .##
§§ ..


You could see an anaconda simulacrum, a death yak simulacrum, an elephant
simulacrum and a naga simulacrum.

Vanquished Creatures
  An orc warlord (Bailey)
  A minotaur (Gauntlet)
  Harold (D:9)
  2 hydras
  A catoblepas (Lair:3)
  A two-headed ogre (D:11)
  Urug (D:12)
  12 death yaks
  2 large abominations (Gauntlet)
  Amaemon (D:9)
  Lodul (D:12)
  A wizard (Gauntlet)
  2 orc knights (Bailey)
  A necromancer (Lair:3)
  6 oklob plants
  A faun (D:10)
  A cyclops (D:12)
  A manticore (D:12)
  14 elephants
  4 black mambas
  Joseph (D:9)
  An orange demon (D:9)
  8 cane toads
  2 gargoyles
  Maggie (Lair:1)
  4 rime drakes
  A yaktaur (shapeshifter) (D:11)
  3 kobold demonologists
  An unseen horror (D:12)
  8 komodo dragons
  An anaconda simulacrum (IceCv)
  2 ice devils (IceCv)
  A meliai (Lair:3)
  A polar bear (Lair:3)
  A blink frog (Lair:5)
  9 slime creatures (D:12)
  6 shadows
  A wyvern (D:9)
  36 yaks
  A wraith (D:9)
  4 basilisks
  A steam dragon (D:7)
  2 vampires
  13 water moccasins
  Duvessa (D:5)
  A floating eye (Lair:2)
  2 black bears
  12 orc warriors
  2 sky beasts
  An ice beast (D:9)
  10 ogres
  53 wolves
  6 centaurs
  A phantom (D:5)
  7 kobold brigands
  3 gnoll sergeants
  8 bullfrogs
  2 necrophages
  4 scorpions
  2 two-headed ogre simulacra (IceCv)
  17 wights
  Dowan (D:5)
  11 killer bees
  8 howler monkeys
  3 small abominations (Gauntlet)
  A jelly (D:5)
  6 hounds
  3 orc priests
  Crazy Yiuf (D:2)
  A gnoll bouda (D:8)
  5 iguanas
  9 orc wizards
  4 hell rats (Lair:4)
  2 troll simulacra (IceCv)
  4 yak simulacra (Lair:3)
  4 polar bear simulacra (Lair:3)
  2 wolf simulacra (Lair:3)
  A centaur simulacrum (D:9)
  Robin (D:2)
  25 gnolls
  6 adders
  3 shadow imps
  5 white imps
  3 ufetubi
  3 dart slugs
  38 orcs
  A ball python (D:4)
  5 endoplasms
  3 giant cockroaches
  18 goblins
  15 hobgoblins
  4 jackals (D:3)
  3 quokkas
  2 training dummies (D:5)
  3 bats
  2 frilled lizards
  24 kobolds
  A rat (D:2)
  A river rat simulacrum (Lair:3)
528 creatures vanquished.

Vanquished Creatures (collateral kills)
  2 death yaks (Lair:5)
  4 elephants (Lair:5)
  2 blink frogs (Lair:5)
  3 yaks (Lair:5)
  A basilisk (Lair:5)
  2 hobgoblins (Bailey)
14 creatures vanquished.

Vanquished Creatures (others)
  A human (D:3)
  12 fungi
  28 plants
41 creatures vanquished.

Grand Total: 583 creatures vanquished

Notes
Turn   | Place    | Note
-------+----------+-------------------------------------------
     0 | D:1      | retardedninja the Minotaur Fighter began the quest for the
                  | Orb.
     0 | D:1      | Reached XP level 1. HP: 19/19 MP: 0/0
   263 | D:1      | Reached XP level 2. HP: 27/27 MP: 1/1
   658 | D:2      | Reached XP level 3. HP: 33/33 MP: 2/2
   957 | D:2      | Noticed a black bear
   963 | D:2      | Killed a black bear
   964 | D:2      | Reached XP level 4. HP: 31/41 MP: 0/3
  1101 | D:2      | Found a runed translucent door.
  1102 | D:2      | Noticed Crazy Yiuf
  1104 | D:2      | Noticed Robin
  1463 | D:2      | Identified 2 scrolls of acquirement
  1463 | D:2      | Acquired the +10 demon blade of Dukuer {venom, *Rage rPois
                  | rN+++ Str+4}
  1468 | D:2      | Acquired 714 gold pieces
  1485 | D:2      | Reached XP level 5. HP: 42/47 MP: 0/4
  1489 | D:2      | Killed Crazy Yiuf
  1494 | D:2      | Killed Robin
  1711 | D:3      | Found an ancient bone altar of Kikubaaqudgha.
  1775 | D:3      | Noticed a human
  1777 | D:3      | Killed a human
  1813 | D:3      | Reached skill level 1 in Long Blades
  2947 | D:4      | Reached skill level 5 in Fighting
  2947 | D:4      | Reached skill level 5 in Armour
  2947 | D:4      | Reached skill level 5 in Shields
  3133 | D:4      | Reached XP level 6. HP: 56/56 MP: 3/5
  3242 | D:4      | Found a sacrificial altar of Ru.
  3365 | D:4      | Noticed 0gre's ghost (amateur GnIE)
  3370 | D:4      | Found a transporter.
  3475 | D:4      | Found a transporter.
  3792 | D:5      | Entered Level 5 of the Dungeon
  3798 | D:5      | Reached skill level 2 in Long Blades
  4108 | D:5      | Reached skill level 3 in Long Blades
  4108 | D:5      | Reached XP level 7. HP: 50/62 MP: 3/6
  4272 | D:5      | Found a white marble altar of Elyvilon.
  4336 | D:5      | Found a staircase to the Ecumenical Temple.
  4373 | Temple   | Entered the Ecumenical Temple
  4778 | D:5      | Identified the +7 hand axe of Yesterday {freeze, rC++
                  | Stlth+}
  4896 | D:5      | Noticed a fire elemental
  4898 | D:5      | Found a stormy altar of Qazlal.
  4900 | D:5      | Noticed an air elemental
  4919 | D:5      | Noticed a water elemental
  4999 | D:5      | Noticed Duvessa
  5000 | D:5      | Noticed Dowan
  5003 | D:5      | Killed Duvessa
  5007 | D:5      | Killed Dowan
  5008 | D:5      | Reached skill level 4 in Long Blades
  5103 | D:5      | Reached XP level 8. HP: 71/71 MP: 4/7
  5562 | D:6      | Found a shadowy altar of Dithmenos.
  5590 | D:6      | Reached skill level 5 in Long Blades
  5909 | D:6      | Found a large runed translucent door.
  5910 | D:6      | Found a large runed translucent door.
  6078 | D:6      | Found an opulent altar of Gozag.
  6082 | D:6      | Became a worshipper of Gozag Ym Sagoz the Greedy
  6094 | D:6      | Found an iron altar of Okawaru.
  6196 | D:7      | Reached skill level 6 in Long Blades
  6219 | D:7      | Reached XP level 9. HP: 73/81 MP: 1/8
  6522 | D:7      | Found Ytih's Fire Supplies.
  6964 | D:7      | Identified the +8 great sword "Worm's Wrath" {vorpal, rPois
                  | Dex+4}
  7044 | D:7      | Found Toajyd Oluo's Magic Scroll Boutique.
  7052 | D:7      | Bought a scroll of enchant armour for 97 gold pieces
  7052 | D:7      | Bought a scroll of enchant armour for 97 gold pieces
  7267 | D:7      | Found a broken altar of Ashenzari.
  7281 | D:7      | Found a bloodstained altar of Trog.
  7389 | D:8      | Reached skill level 7 in Long Blades
  7431 | D:8      | Identified the +1 leather armour "Kessig" {rF++ Str-3
                  | Stlth+}
  7571 | D:8      | Found a sparkling altar of Nemelex Xobeh.
  7571 | D:8      | Found a transporter.
  7571 | D:8      | Noticed a tengu warrior
  7572 | D:8      | Noticed a centaur warrior
  7899 | D:8      | Noticed a gargoyle
  7905 | D:8      | Killed a gargoyle
  7906 | D:8      | Reached skill level 8 in Long Blades
  8543 | D:8      | Reached XP level 10. HP: 91/91 MP: 9/9
  8744 | D:9      | Noticed Joseph
  8752 | D:9      | Killed Joseph
  9087 | D:9      | Reached skill level 9 in Long Blades
  9431 | D:9      | Reached skill level 10 in Fighting
  9460 | D:9      | Noticed Harold
  9472 | D:9      | Killed Harold
  9473 | D:9      | Reached skill level 10 in Long Blades
  9473 | D:9      | Reached skill level 10 in Armour
  9473 | D:9      | Reached skill level 10 in Shields
  9580 | D:9      | Found an ornate altar of the Wu Jian Council.
  9864 | D:9      | Noticed Amaemon
  9866 | D:9      | Noticed an orange demon
  9873 | D:9      | Killed Amaemon
  9877 | D:9      | Killed an orange demon
  9878 | D:9      | Reached XP level 11. HP: 84/101 MP: 0/10
 10271 | D:10     | Entered Level 10 of the Dungeon
 10281 | D:10     | Reached skill level 11 in Long Blades
 10469 | D:10     | Found a flagged portal.
 10503 | D:10     | Noticed an oklob plant
 10524 | Bailey   | Entered a bailey
 10630 | Bailey   | Noticed an orc knight
 10639 | Bailey   | Killed an orc knight
 10721 | Bailey   | Noticed an orc knight
 10735 | Bailey   | Killed an orc knight
 10921 | Bailey   | Noticed an orc warlord
 10933 | Bailey   | Killed an orc warlord
 11033 | Bailey   | Identified the +0 pair of boots "Jeiliore" {rElec}
 11172 | D:10     | Found a staircase to the Lair.
 11187 | D:10     | Reached skill level 12 in Long Blades
 11804 | D:10     | Killed an oklob plant
 11950 | D:11     | Found a gate leading to a gauntlet.
 12002 | Gauntlet | Entered a Gauntlet
 12002 | Gauntlet | Found a transporter.
 12002 | Gauntlet | Found a transporter.
 12002 | Gauntlet | Found a runed translucent door.
 12008 | Gauntlet | Noticed a wizard
 12060 | Gauntlet | Found a transporter.
 12065 | Gauntlet | Found a transporter.
 12073 | Gauntlet | Found a transporter.
 12077 | Gauntlet | Found a transporter.
 12079 | Gauntlet | Noticed a large abomination
 12085 | Gauntlet | Found a transporter.
 12098 | Gauntlet | Noticed a sixfirhy
 12098 | Gauntlet | Noticed a sixfirhy
 12100 | Gauntlet | Noticed a sixfirhy
 12102 | Gauntlet | Found a transporter.
 12105 | Gauntlet | Noticed a sixfirhy
 12116 | Gauntlet | Found a transporter.
 12120 | Gauntlet | Found a transporter.
 12128 | Gauntlet | Found a transporter.
 12132 | Gauntlet | Found a transporter.
 12136 | Gauntlet | Found a runed translucent door.
 12231 | Gauntlet | Killed a wizard
 12325 | Gauntlet | Killed a large abomination
 12345 | Gauntlet | Reached skill level 13 in Long Blades
 12349 | Gauntlet | Reached skill level 15 in Long Blades
 12349 | Gauntlet | Reached XP level 12. HP: 59/111 MP: 1/11
 12699 | Gauntlet | Noticed a minotaur
 12706 | Gauntlet | Killed a minotaur
 12707 | Gauntlet | Reached XP level 13. HP: 95/117 MP: 7/12
 12880 | Gauntlet | Got the Discursus on the Nimbus
 12880 | Gauntlet | Got the Compilation of Turbulent Convocation
 13276 | D:11     | Reached skill level 16 in Long Blades
 13691 | D:11     | Found Anemu's Antique Armour Boutique.
 13700 | D:11     | Bought a plate armour for 713 gold pieces
 14169 | D:12     | Noticed Urug
 14177 | D:12     | Killed Urug
 15045 | D:12     | Acquired the ring "Olearil" {AC+4 Str+3}
 15140 | D:12     | Found a staircase to the Orcish Mines.
 15256 | D:12     | Found a broken altar of Ashenzari.
 15453 | D:12     | Noticed Lodul
 15460 | D:12     | Killed Lodul
 15840 | Lair:1   | Entered Level 1 of the Lair of Beasts
 15899 | D:10     | Reached skill level 17 in Long Blades
 16589 | Lair:1   | Identified the +8 spear of Yredelemnul's Hatred {pain, Fly
                  | rF+ Int+3 Dex-4}
 16707 | Lair:1   | Noticed Maggie
 16718 | Lair:1   | Killed Maggie
 17021 | Lair:1   | Found a runed translucent gate.
 17021 | Lair:1   | Found a runed translucent gate.
 17022 | Lair:1   | Found a runed translucent gate.
 17023 | Lair:1   | Noticed Estoelo's ghost (journeyman MiBe)
 17834 | Lair:2   | Paralysed by a floating eye for 4 turns
 17894 | Lair:2   | Found a staircase to the Shoals.
 19280 | Lair:2   | Paralysed by a floating eye for 4 turns
 19286 | Lair:2   | Paralysed by a floating eye for 3 turns
 19305 | Lair:2   | Reached XP level 14. HP: 114/129 MP: 4/13
 19705 | Lair:3   | Reached skill level 18 in Long Blades
 19737 | Lair:3   | Found a hole to the Spider Nest.
 21991 | Lair:4   | Found a blossoming altar of Fedhas.
 22383 | Lair:5   | Entered Level 5 of the Lair of Beasts
 22463 | Lair:5   | Found a frozen archway.
 22475 | Lair:5   | Reached skill level 19 in Long Blades
 22567 | IceCv    | Entered an ice cave
 23138 | IceCv    | Mangled by an anaconda simulacrum

Illustrated notes

Levels and vault maps discovered:
D:1:      lightli_arrival_maybe_door_vault, layout_loops_ring
D:2:      layout_rooms, minmay_split_cup_small, uniq_crazy_yiuf_cottage,
          uniq_robin
D:3:      layout_loops_corners, tgw_kikubaaqudgha
D:4:      layout_loops_ring, nicolae_ru_the_path_less_chosen,
          gammafunk_ghost_gnarly_gnolls
D:5:      dreamdust_elfheim, layout_loops_ring, elyvilon_altar_3,
          nicolae_qazlal_style_of_elements, minmay_temple_entry_offerings
D:6:      layout_rooms, lemuel_tele_altar, jmf_multi_god_temple2
D:7:      hellmonk_destroyed_diamonds, layout_cave_pools,
          mainiacjoe_overflow_big_doors, serial_shops, shop,
          nicolae_shop_fire_sale [nicolae_sub_dead_trees]
D:8:      layout_basic, grunt_nemelex_the_gamble
D:9:      layout_long_grid, mainiacjoe_overflow_tiny_flanked, serial_ice,
          serial_ice_l, serial_ice_c, serial_ice_h, serial_ice_e,
          amcnicky_mini_corridor_feature, uniq_harold, uniq_joseph, uniq_amaemon
D:10:     layout_rooms, dpeg_oklobed_lair, enter_bailey_6
D:11:     layout_loops_ring, serial_shops, shop, gauntlet_entry_generic
D:12:     layout_roguey, orc_0_dummy, nicolae_ashenzari_skybound, uniq_lodul,
          uniq_urug
Temple:   grunt_temple_mini_profane
Lair:1:   layout_hall_layers, gammafunk_ghost_hydra_chop, special_room,
          grunt_forest_large_clearings, uniq_maggie
Lair:2:   layout_cave_pods, elwin_shoals_entry_rooms, disabler_island,
          grunt_megastairs_3
Lair:3:   layout_chaotic_city, hellmonk_spider_entry_not_the_bees,
          chequers_serial_rivers_small_3, eino_house_with_fridge,
          infiniplex_staircase_pool_2
Lair:4:   layout_cave_pods, hangedman_tree_tricks, lemuel_fruit_tree
Lair:5:   hellmonk_lair_end_abyssal_woods, layout_long_grid,
          dpeg_slime_entry_enclosed, portal_ice_cave_rime, minivault_26,
          serial_bayou_shore_b
IceCv:    ice_cave_small_demon

Skill      XL: |  1  2  3  4  5  6  7  8  9 10 11 12 13 14 |
---------------+-------------------------------------------+-----
Fighting       | 4 5 6 7 9 10 11 13 14 | 14.6
Shields        | 4 5 6 7 9 10 11 13 14 | 14.5
Armour         | 4 5 6 7 9 10 11 13 14 | 14.5
Axes           | 3 |  3.7
Long Blades    | 1 3 4 6 8 10 15 17 19 | 19.6

Action                   |  1- 3 |  4- 6 |  7- 9 | 10-12 | 13-15 || total
-------------------------+-------+-------+-------+-------+-------++-------
Melee: War axe           |    41 |     5 |       |       |       ||    46
       Headbutt          |     7 |     3 |    25 |    55 |   146 ||   236
       Demon blade       |       |    65 |   161 |   263 |   580 ||  1069
Evoke: Tin of tremorston |       |       |       |     1 |     1 ||     2
       Wand              |       |       |       |       |     7 ||     7
  Use: Potion            |     1 |     4 |       |     2 |    10 ||    17
       Scroll            |       |    11 |     7 |     7 |     9 ||    34
 Stab: Distracted        |       |       |       |     2 |     6 ||     8
       Invisible         |       |       |       |       |     7 ||     7
       Fleeing           |       |       |       |       |     1 ||     1
Armor: Scale mail        |    32 |    40 |    50 |       |       ||   122
       Chain mail        |       |       |    30 |    60 |     3 ||    93
       Plate armour      |       |       |       |       |   341 ||   341
Dodge: Dodged            |    30 |    58 |    93 |    74 |   191 ||   446
Block: Buckler           |     6 |    26 |    49 |    48 |   200 ||   329
